 Dungeon Crawl Stone Soup version 0.18.1-48-g4cf74bf (webtiles) character file.

378 PossumBlood the Archer (level 6, -4/39 HPs)
             Began as a High Elf Hunter on Aug 13, 2016.
             Killed by nerve-wracking pain
             ... invoked by an orc priest
              (13 damage)
             ... on level 4 of the Dungeon.
             The game lasted 00:10:16 (2720 turns).

PossumBlood the Archer (High Elf Hunter)            Turns: 2720, Time: 00:10:17

Health: -4/39      AC:  6    Str: 11    XL:     6   Next: 45%
Magic:  7/7        EV: 12    Int: 16    God:
Gold:   120        SH:  0    Dex: 17    Spells: 0 memorised, 5 levels left

rFire  x . .     SeeInvis .     a - +3 shortbow
rCold  + + .     Gourm    .     g - +0 leather armour {rC+}
rNeg   . . .     Faith    .     (shield currently unavailable)
rPois  .         Spirit   .     o - +1 hat
rElec  .         Dismiss  .     v - +1 cloak
rCorr  +         Reflect  .     (no gloves)
SustAt .         Harm     .     (no boots)
MR     .....                    (no amulet)
Stlth  +.........               r - ring of resist corrosion
                                m - ring of ice

@: confused, not resistant to hostile enchantments, very unstealthy
A: no striking features
a: no special abilities


You were on level 4 of the Dungeon.
You were not hungry.

You visited 1 branch of the dungeon, and saw 4 of its levels.

You collected 120 gold pieces.

Inventory:

Hand Weapons
 a - a +3 shortbow (weapon)
 b - a +0 short sword
Missiles
 c - 3 tomahawks
 d - 8 arrows (quivered)
Armour
 g - a +0 leather armour of cold resistance (worn)
 o - a +1 hat (worn)
 v - a +1 cloak (worn)
Jewellery
 m - a ring of ice (left hand)
 r - a ring of resist corrosion (right hand)
Wands
 n - a wand of iceblast (10/15)
Scrolls
 i - a scroll of remove curse
Potions
 e - a potion of curing {unknown}
 h - 2 potions of lignification
 k - 2 potions of might {unknown}
 w - a potion of mutation {unknown}
Comestibles
 f - 5 bread rations
 j - 4 meat rations
 l - 5 fruits
 q - 3 beef jerkies
 u - a royal jelly


   Skills:
 - Level 2.0 Fighting
 * Level 10.2 Bows
 - Level 2.1 Dodging
 - Level 1.1 Stealth


You had 5 spell levels left.
You didn't know any spells.

Dungeon Overview and Level Annotations

Branches:
Dungeon (3/15)

Altars:

Shops:
D:4 [


Message History

You shoot an arrow. The arrow hits the orc.
You kill the orc!
Something hits you but does no damage.
No target in view!
No target in view!
No target in view!
No target in view!
You feel sick.
You are no longer poisoned.
You hear some strange, mumbled words.
A puff of flame appears from out of thin air!
The puff of flame hits you! The fire burns you terribly!
* * * LOW HITPOINT WARNING * * *
An orc priest comes into view.
You hear some strange, mumbled words.
You are confused.
The orc priest shouts!
The orc priest mumbles some strange prayers to Beogh against you.
Pain shoots through your body!
You die...

#.............. #....
....(.... ##...#
#....... #....+
#.....#
##....###.....#
#.............###
#........$).((.()
##...........∩###
#########@....o...###
..........##..##.##
######.............
#.#####......o. #..
#####...... ...>
...... ##.## ###.. ..
...


You could see an orc priest.

Vanquished Creatures
  A scorpion (D:4)
  An orc priest (D:3)
  Ijyb (D:2)
  Jessica (D:2)
  4 orc wizards
  4 adders (D:2)
  3 worms
  A dart slug (D:1)
  3 giant geckos
  6 orcs
  A ball python (D:3)
  4 giant cockroaches
  11 goblins
  12 hobgoblins
  9 jackals
  4 bats
  6 giant newts
  10 kobolds
  3 rats
85 creatures vanquished.

Notes
Turn   | Place    | Note
--------------------------------------------------------------
     0 | D:1      | PossumBlood the High Elf Hunter began the quest for the Orb.
     0 | D:1      | Reached XP level 1. HP: 14/14 MP: 2/2
   129 | D:1      | Reached XP level 2. HP: 19/19 MP: 3/3
   159 | D:1      | Reached skill level 6 in Bows
   313 | D:1      | Reached XP level 3. HP: 19/24 MP: 4/4
   773 | D:2      | Reached skill level 7 in Bows
   946 | D:2      | Reached XP level 4. HP: 28/29 MP: 5/5
  1233 | D:2      | Noticed Jessica
  1236 | D:2      | Killed Jessica
  1236 | D:2      | Reached skill level 8 in Bows
  1366 | D:2      | Noticed Ijyb
  1383 | D:2      | Killed Ijyb
  1383 | D:2      | Reached XP level 5. HP: 33/34 MP: 6/6
  2129 | D:3      | Reached skill level 9 in Bows
  2353 | D:3      | Reached XP level 6. HP: 22/39 MP: 7/7
  2676 | D:3      | You fall through a shaft!
  2682 | D:4      | Reached skill level 10 in Bows
  2691 | D:4      | Found Zihug's Armour Shoppe.
  2720 | D:4      | Killed from afar by an orc priest

Skill      XL: |  1  2  3  4  5  6 |
---------------+-------------------+-----
Bows           | 6 7 8 9 10 | 10.2
Fighting       | |  2.0
Dodging        | |  2.1
Stealth        | |  1.1

Action                   |  1- 3 |  4- 6 || total
-------------------------+-------+-------++-------
 Fire: Shortbow          |   119 |   171 ||   290
  Use: Scroll            |       |     9 ||     9
  Eat: Bread ration      |       |     1 ||     1
       Fruit             |       |     1 ||     1
Armor: Leather armour    |     7 |    12 ||    19
Dodge: Dodged            |    36 |    41 ||    77
